 Dungeon Crawl Stone Soup version 0.25-a0-425-g0e000e855e (webtiles) character file.

Game seed: 18012980064070747127, levelgen mode: deterministic

30 Kohma the Changer (level 3, -4/28 HPs)
             Began as a Draconian Transmuter on Jan 24, 2020.
             Slain by an iguana (12 damage)
             ... on level 2 of the Dungeon.
             The game lasted 00:02:37 (1357 turns).

Kohma the Changer (Draconian Transmuter)            Turns: 1357, Time: 00:02:38

Health: -4/28      AC:  5    Str: 12    XL:     3   Next: 5%
Magic:  5/6        EV: 12    Int: 14    God:
Gold:   69         SH:  0    Dex: 11    Spells: 2/6 levels left

rFire    . . .     SeeInvis .     - Unarmed
rCold    . . .     Gourm    .   (no shield)
rNeg     . . .     Faith    .   (armour unavailable)
rPois    .         Spirit   .   (helmet restricted)
rElec    .         Reflect  .   (no cloak)
rCorr    .         Harm     .   (no gloves)
MR       .....                  (no boots)
Stlth    +.........             (no amulet)
HPRegen  0.09/turn              (no ring)
MPRegen  0.10/turn              (no ring)

@: appendage
A: unfitting armour, horns 2, cold-blooded, AC +5
a: End Transformation


You were on level 2 of the Dungeon.
You were near starving.
You had grown temporary horns.
You visited 1 branch of the dungeon, and saw 2 of its levels.

You collected 69 gold pieces.

Inventory:

Missiles
 a - 12 arrows
Jewellery
 l - an uncursed ring of wizardry {unknown}
Scrolls
 b - a scroll of blinking {unknown}
 g - a scroll of noise {unknown}
 h - a scroll of magic mapping {unknown}
 j - 2 scrolls of identify {unknown}
Potions
 d - a potion of might {unknown}
 e - a potion of flight {unknown}
 f - a potion of heal wounds {unknown}
 i - 2 potions of mutation {unknown}
 k - a potion of haste {unknown}
 m - a potion of agility {unknown}
Comestibles
 c - 3 rations


   Skills:
 - Level 1.1 Fighting
 - Level 1.7 Dodging
 - Level 3.0 Unarmed Combat
 - Level 2.0 Spellcasting
 + Level 3.5 Transmutations


You had 2 spell levels left.
You knew the following spells:

 Your Spells              Type           Power        Failure   Level  Hunger
a - Beastly Appendage     Tmut           ##....       5%          1    ##.....
b - Spider Form           Tmut/Pois      #.........   34%         3    ####...

Your spell library contained the following spells:

 Spells                   Type           Power        Failure   Level  Hunger
 Sticks to Snakes         Tmut           ##......     9%          2    ###....
 Ice Form                 Ice/Tmut       #.......     75%         4    #####..
 Blade Hands              Tmut           ##........   83%         5    ######.


Dungeon Overview and Level Annotations

Branches:
Dungeon (2/15)

Altars:


Innate Abilities, Weirdness & Mutations

Your plain brown scales are hard. (AC +5)
You cannot fit into any form of body armour.
You are cold-blooded and may be slowed by cold attacks.
You have a pair of horns on your head.


Message History

You tail-slap the iguana, but do no damage.
The iguana bites you!
You barely miss the iguana. The iguana barely misses you.
You barely miss the iguana. The iguana completely misses you.
You barely miss the iguana. You headbutt the iguana.
You tail-slap the iguana, but do no damage.
The iguana is moderately wounded.
The iguana bites you!
* * * LOW HITPOINT WARNING * * *
You closely miss the iguana.
The iguana is moderately wounded.
The iguana closely misses you.
You hit the iguana.
The iguana is heavily wounded.
The iguana completely misses you.
You hit the iguana but do no damage.
You headbutt the iguana, but do no damage.
The iguana is heavily wounded.
The iguana bites you!
You die...

# ## .# ...... .## .#
..... ..##.# ## ....
..##.# ##. ... ...#.#
..#.. ...'.# .b.
...'.# #l# ...'.# #@#
...### ##.# ..##
##..#
..############...####
^##.................+
##.######........#.##
#.## #.##..#..#.# .##
#.##.....# # .##
#.##..####


You could see an iguana and a bat.

Vanquished Creatures
  An adder (D:2)
  A worm (D:2)
  A ball python (D:1)
  A bat (D:1)
  A goblin (D:1)
  2 hobgoblins
  4 jackals (D:1)
  3 kobolds
  2 rats (D:2)
16 creatures vanquished.

Notes
Turn   | Place    | Note
-------+----------+-------------------------------------------
     0 | D:1      | Kohma the Draconian Transmuter began the quest for the Orb.
     0 | D:1      | Reached XP level 1. HP: 16/16 MP: 3/3
   640 | D:1      | Reached XP level 2. HP: 23/23 MP: 3/5
  1122 | D:2      | Reached XP level 3. HP: 21/28 MP: 4/6
  1128 | D:2      | Learned a level 3 spell: Spider Form
  1357 | D:2      | Slain by an iguana

Levels and vault maps discovered:
D:1:      dpeg_arrival_boxorama, layout_rooms, chequers_garden
D:2:      layout_loops_corners, chequers_temple_overflow_statue_of_worship,
          kennysheep_donut, kennysheep_small_spiral, minmay_hexomino_u4

Skill      XL: |  1  2 |
---------------+-------+-----
Transmutations | 3 |  3.5
Fighting       | |  1.1
Dodging        | |  1.7
Unarmed Combat | |  3.0
Spellcasting   | |  2.0

Action                   || total
-------------------------++-------
Melee: Unarmed           ||    91
       Kick              ||    17
       Tailslap          ||     6
       Punch             ||     2
       Headbutt          ||     3
 Cast: Beastly Appendage ||    14
Armor: Skin              ||    35
Dodge: Dodged            ||    75

Table legend:
 A = Non-vault XP
 B = Vault XP
 C = Vault XP percentage of total XP
 D = Non-vault monster count
 E = Vault monster count
 F = Vault count percentage of total count
                 A         B        C        D         E       F
            +---------+---------+-------+---------+---------+-------
      Total |      44 |       0 |   0.0 |      16 |       0 |   0.0
            +---------+---------+-------+---------+---------+-------
        D:1 |      19 |       0 |   0.0 |      10 |       0 |   0.0
        D:2 |      25 |       0 |   0.0 |       6 |       0 |   0.0
            +---------+---------+-------+---------+---------+-------
